 Dungeon Crawl Stone Soup version 0.23.2-40-g277498a001 (webtiles) character file.

Game seed: 18060521082502575053

3068 Martska the Spear-Bearer (level 9, 0/71 HPs)
             Began as a Merfolk Ice Elementalist on Oct 2, 2019.
             Was a Believer of Okawaru.
             Slain by an orc warrior
             ... wielding a +0 battleaxe
              (22 damage)
             ... on level 9 of the Dungeon.
             The game lasted 00:52:17 (11340 turns).

Martska the Spear-Bearer (MfIE)                    Turns: 11340, Time: 00:52:18

Health: 0/71       AC:  6    Str:  9    XL:     9   Next: 88%
Magic:  1/15       EV: 17    Int: 14    God:    Okawaru [**....]
Gold:   317        SH:  0    Dex: 17    Spells: 7/17 levels left

rFire    . . .     SeeInvis .   i - +0 spear
rCold    . . .     Gourm    .   (no shield)
rNeg     . . .     Faith    .   o - +0 leather armour
rPois    .         Spirit   .   j - +0 helmet
rElec    .         Reflect  .   (no cloak)
rCorr    .         Harm     .   r - +0 pair of gloves
MR       .....                  x - +0 pair of boots
Stlth    +++.......             u - amulet of regeneration
HPRegen  0.61/turn              H - ring of wizardry
MPRegen  0.14/turn              (no ring)

@: no status effects
A: change form in water, swift swim, stealthy swim
a: Heroism, Renounce Religion


You were on level 9 of the Dungeon.
You worshipped Okawaru.
Okawaru was pleased with you.
You were not hungry.

You visited 2 branches of the dungeon, and saw 10 of its levels.

You collected 387 gold pieces.
You spent 70 gold pieces at shops.

Inventory:

Hand Weapons
 d - a +0 club
 e - a +0 lajatang
 i - a +0 spear (weapon)
 k - a +0 spear
Armour
 a - a +0 robe
 j - a +0 helmet (worn)
 o - a +0 leather armour (worn)
 r - a +0 pair of gloves (worn)
 x - a +0 pair of boots (worn)
 A - a +0 pair of boots
Magical Staves
 y - an uncursed staff of power {unknown}
Jewellery
 u - an amulet of regeneration (around neck)
 H - a ring of wizardry (left hand)
Wands
 p - a wand of paralysis (22)
 q - a wand of acid (3)
 z - a wand of disintegration (11)
 F - a wand of iceblast (8)
Scrolls
 f - 2 scrolls of immolation {unknown}
 g - 5 scrolls of identify
 h - a scroll of random uselessness {unknown}
 s - a scroll of blinking {unknown}
 v - a scroll of fog {unknown}
 w - a scroll of noise {unknown}
 B - 2 scrolls of remove curse {unknown}
 C - a scroll of amnesia {unknown}
Potions
 b - 3 potions of mutation
 c - a potion of curing
 l - 2 potions of haste
 m - a potion of lignification {unknown}
 n - 2 potions of brilliance
 t - 3 potions of flight
 D - 2 potions of ambrosia
 G - a potion of heal wounds
Comestibles
 E - 3 rations


   Skills:
 * Level 6.7 Fighting
 * Level 8.6 Polearms
 * Level 8.6 Dodging
 - Level 4.0 Stealth
 + Level 4.5 Spellcasting
 - Level 0.7 Conjurations
 + Level 4.0 Charms
 + Level 5.9 Ice Magic


You had 7 spell levels left.
You knew the following spells:

 Your Spells              Type           Power        Failure   Level  Hunger
a - Freeze                Ice            ###.         1%          1    None
b - Throw Frost           Conj/Ice       ##....       4%          2    ##.....
c - Ozocubu's Armour      Chrm/Ice       ###.....     4%          3    ###....
d - Summon Ice Beast      Ice/Summ       ##......     28%         4    ####...

Your spell library contained the following spells:

 Spells                   Type           Power        Failure   Level  Hunger
 Confusing Touch          Hex            #.....       11%         1    None
 Throw Icicle             Conj/Ice       ##......     26%         4    ####...
 Confuse                  Hex            #.......     30%         3    ###....
 Gell's Gravitas          Tloc           #.........   30%         3    ###....
 Metabolic Englaciation   Hex/Ice        ##........   61%         5    ######.
 Petrify                  Tmut/Erth      #.......     67%         4    ####...
 Yara's Violent Unravell  Hex/Tmut       #.........   94%         5    ######.


Dungeon Overview and Level Annotations

Branches:
Dungeon (9/15)             Temple (1/1) D:7             Orc (0/2) D:9
   Lair: D:8-11

Altars:
Ashenzari
Cheibriados
Dithmenos
Elyvilon
Fedhas
Gozag
Hepliaklqana
Kikubaaqudgha
Makhleb
Nemelex Xobeh
Okawaru
Qazlal
Ru
Sif Muna
Trog
Uskayaw
Vehumet
Wu Jian
Xom
Yredelemnul
Zin
The Shining One
Beogh

Shops:
D:7 *   D:9 (!

Annotations:
D:3 Sigmund


Message History

You hit the orc warrior but do no damage.
The orc warrior is severely wounded.
The orc warrior hits you with a +0 battleaxe!
* * * LOW HITPOINT WARNING * * *
You feel better.
You hit the orc warrior but do no damage.
The orc warrior is severely wounded.
The orc warrior closely misses you.
You hit the orc warrior but do no damage.
The orc warrior is severely wounded.
You completely miss the orc warrior.
The orc warrior is severely wounded.
The orc warrior hits you with a +0 battleaxe.
* * * LOW HITPOINT WARNING * * *
You barely miss the orc warrior.
The orc warrior is severely wounded.
You hit the orc warrior but do no damage.
The orc warrior is severely wounded.
The orc warrior hits you with a +0 battleaxe!!
You die...

##### #.# ##)#
########...####'#######.÷#
...........##...........∩#
.$.....>...['........)...#
............#............#
...#8o..8###............#
###'### #............#
o... #............# #...o.
#.@o.........# #.o_o.#
######+####### #..o.o#
#..[..# #######


You could see an orc warrior.

Vanquished Creatures
  Pikel (D:6)
  Prince Ribbit (D:7)
  A spriggan (D:7)
  2 slaves
  An ice beast (D:5)
  4 orc warriors
  2 black bears
  3 ogres
  3 centaurs
  2 bullfrogs (D:6)
  3 killer bees (D:7)
  A crimson imp (D:6)
  5 hounds
  A quasit (D:7)
  4 orc priests
  A centaur zombie (D:9)
  A jelly (D:9)
  4 orc wizards
  Ijyb (D:4)
  Terence (D:2)
  A centaur skeleton (D:6)
  2 worker ants
  2 worker ant zombies (D:6)
  9 adders
  4 gnolls
  A shadow imp (D:6)
  2 worms
  2 dart slugs
  3 leopard geckos
  14 orcs
  2 ball pythons (D:3)
  5 bats
  2 giant cockroaches
  10 hobgoblins
  8 jackals
  A quokka (D:7)
  2 frilled lizards
  4 goblins
  5 kobolds
  15 rats
  A bush (Temple)
137 creatures vanquished.

Notes
Turn   | Place    | Note
-------+----------+-------------------------------------------
     0 | D:1      | Martska the Merfolk Ice Elementalist began the quest for
                  | the Orb.
     0 | D:1      | Reached XP level 1. HP: 13/13 MP: 3/3
   466 | D:1      | Reached XP level 2. HP: 13/20 MP: 1/5
   853 | D:1      | Reached skill level 1 in Fighting
  1105 | D:1      | Reached XP level 3. HP: 16/26 MP: 6/6
  1855 | D:2      | Learned a level 2 spell: Throw Frost
  2010 | D:2      | Reached skill level 1 in Polearms
  2010 | D:2      | Reached XP level 4. HP: 21/33 MP: 0/7
  2589 | D:2      | Noticed Terence
  2600 | D:2      | Killed Terence
  2614 | D:2      | Reached XP level 5. HP: 18/38 MP: 0/8
  3111 | D:3      | Noticed a black bear
  3520 | D:3      | Noticed Sigmund
  3607 | D:4      | Noticed Ijyb
  3616 | D:4      | Paralysed by Ijyb for 6 turns
  3624 | D:4      | Killed Ijyb
  3730 | D:3      | Killed a black bear
  3730 | D:3      | Reached XP level 6. HP: 37/46 MP: 0/10
  4558 | D:4      | Learned a level 3 spell: Ozocubu's Armour
  5107 | D:5      | Entered Level 5 of the Dungeon
  5378 | D:5      | Noticed an ice beast
  5392 | D:5      | Learned a level 4 spell: Summon Ice Beast
  5520 | D:5      | Reached skill level 5 in Dodging
  5520 | D:5      | Reached XP level 7. HP: 24/52 MP: 6/11
  6144 | D:6      | Reached skill level 1 in Charms
  7122 | D:6      | Reached skill level 5 in Polearms
  7213 | D:6      | Reached XP level 8. HP: 47/60 MP: 5/12
  7455 | D:6      | Noticed Pikel
  8016 | D:7      | Noticed Prince Ribbit
  8065 | D:7      | Killed Prince Ribbit
  8090 | D:7      | Found a staircase to the Ecumenical Temple.
  8097 | Temple   | Entered the Ecumenical Temple
  8174 | Temple   | Became a worshipper of Warmaster Okawaru
  8721 | D:7      | Reached skill level 5 in Fighting
  8721 | D:7      | Reached skill level 5 in Ice Magic
  8868 | D:8      | Noticed a two-headed ogre
  9104 | D:6      | Killed Pikel
  9104 | D:6      | Reached * piety under Okawaru
  9104 | D:6      | Reached XP level 9. HP: 63/69 MP: 1/15
 10137 | D:7      | Reached ** piety under Okawaru
 10595 | D:7      | Found an ancient bone altar of Kikubaaqudgha.
 10762 | D:7      | Found Cuest's Serpentskin Sales.
 11033 | D:9      | Found Jonuc's Antique Weapon Shoppe.
 11081 | D:9      | Found Postracko's Distillery.
 11110 | D:9      | Bought a potion of heal wounds for 70 gold pieces
 11137 | D:9      | Found a staircase to the Orcish Mines.
 11266 | D:9      | Found a roughly hewn altar of Beogh.
 11340 | D:9      | Slain by an orc warrior

Skill      XL: |  1  2  3  4  5  6  7  8  9 |
---------------+----------------------------+-----
Dodging        | 3 4 5 6 7 8 |  8.6
Fighting       | 1 2 3 4 5 6 |  6.7
Polearms       | 1 3 4 5 7 8 |  8.6
Stealth        | 3 4 |  4.0
Ice Magic      | 4 5 |  5.9
Spellcasting   | 3 4 |  4.5
Charms         | 1 3 4 |  4.0
Conjurations   | |  0.7

Action                   |  1- 3 |  4- 6 |  7- 9 || total
-------------------------+-------+-------+-------++-------
Melee: Club              |    76 |       |       ||    76
       Tailslap          |     5 |       |       ||     5
       Spear             |    10 |   104 |   528 ||   642
 Cast: Freeze            |    31 |    85 |   203 ||   319
       Throw Frost       |     2 |    14 |    56 ||    72
  Use: Scroll            |       |     7 |     5 ||    12
       Potion            |       |     1 |     8 ||     9
 Stab: Sleeping          |     1 |     2 |     1 ||     4
       Distracted        |     1 |     1 |       ||     2
  Eat: Ration            |     1 |     3 |     6 ||    10
       Chunk             |       |     4 |     3 ||     7
Armor: Robe              |    16 |    23 |       ||    39
       Leather armour    |       |    22 |    91 ||   113
Dodge: Dodged            |    73 |   158 |   325 ||   556
